 Dungeon Crawl Stone Soup version 0.30.1-11-g7821555f0a (webtiles) character file.

Game seed: 6575669544244020041

295 jagang the Slasher (level 6, 0/49 HPs)
             Began as a Human Monk on Jan 10, 2024.
             Killed from afar by an orc wizard (8 damage)
             ... with a puff of flame
             ... on level 4 of the Dungeon.
             The game lasted 00:06:11 (2645 turns).

jagang the Slasher (Human Monk)                     Turns: 2645, Time: 00:06:12

Health: 0/49       AC:  9    Str: 18    XL:     6   Next: 61%
Magic:  6/6        EV: 12    Int: 10    God:
Gold:   119        SH:  0    Dex: 17    Spells: 5/5 levels left

rFire   . . .        a - +0 falchion
rCold   . . .        d - orb {light}
rNeg    . . .        m - +0 ring mail
rPois   .            b - +0 helmet
rElec   .            q - +0 cloak
rCorr   .            (no gloves)
SInv    .            e - +0 pair of boots
Will    .....        (no amulet)
Stlth   +            g - +6 ring of strength
HPRegen 0.28/turn    (no ring)
MPRegen 0.10/turn

%: no passive effects
@: glowing
A: no striking features
a: no special abilities


You were on level 4 of the Dungeon.
You visited 1 branch of the dungeon, and saw 4 of its levels.

You collected 119 gold pieces.

Inventory:

Hand Weapons
 a - a +0 falchion (weapon)
Armour
 b - a +0 helmet (worn)
 d - an orb of light (worn)
 e - a +0 pair of boots (worn)
 m - a +0 ring mail (worn)
 q - a +0 cloak (worn)
Jewellery
 g - a +6 ring of strength (left hand)
 t - a ring of wizardry
Scrolls
 f - a scroll of torment {unknown}
 j - 2 scrolls of teleportation
 k - 2 scrolls of vulnerability
 l - 2 scrolls of fear
 n - 2 scrolls of enchant armour
 o - a scroll of immolation {unknown}
 s - 2 scrolls of amnesia {unknown}
Potions
 c - a potion of ambrosia
 h - 2 potions of curing
 i - a potion of heal wounds {unknown}
 p - a potion of degeneration {unknown}
 r - a potion of berserk rage {unknown}


   Skills:
 * Level 4.6 Fighting
 * Level 4.6 Long Blades
 * Level 3.3 Armour
 - Level 3.0 Dodging


You had 5 spell levels left.
You didn't know any spells.
Your spell library contained the following spells:

 Spells                   Type           Power      Damage    Failure   Level
 Poisonous Vapours        Pois/Air       0%         N/A       69%         2
 Mephitic Cloud           Conj/Pois/Air  0%         N/A       89%         3
 Freezing Cloud           Conj/Ice/Air   0%         6-21      100%        5


Dungeon Overview and Level Annotations

Branches:
Dungeon (4/15)             Temple (0/1) D:4

Altars:
Ashenzari
Fedhas
Kikubaaqudgha
Makhleb
Ru


Message History

The orc hits you from afar with a +4 trident!
Unknown command.
You hit the scorpion but do no damage.
The scorpion is heavily wounded.
The scorpion barely misses you.
The orc hits you from afar with a +4 trident!
You slash the scorpion!
The scorpion is almost dead.
The scorpion closely misses you.
The orc hits you from afar with a +4 trident!
* * * LOW HITPOINT WARNING * * *
The scorpion stings you.
* * * LOW HITPOINT WARNING * * *
You hit the scorpion.
You kill the scorpion!
The orc hits you but does no damage.
Unknown command.
A magic dart appears from out of thin air!
The magic dart hits something.
You are confused.
You bump into the rock wall.
An orc wizard appears from thin air!
Reactivating autopickup.
The orc hits you but does no damage.
Unknown command.
You're too confused to move!
The orc closely misses you.
The orc hits you from afar with a +4 trident.
* * * LOW HITPOINT WARNING * * *
The orc hits you but does no damage.
The orc wizard attacks as you move away!
The orc wizard completely misses you.
You feel less confused. The orc wizard casts a spell at you.
You resist with some effort. The orc wizard closely misses you.
You hit the orc wizard.
The orc wizard is lightly wounded.
The orc wizard hits you but does no damage.
The orc wizard gestures at you while chanting.
The puff of flame hits you!
You die...

###########
##..ooo.@..#
##....#####.#
#≈≈...# #.# ....
##§≈.§## #.#
#... #≈≈≈≈§##
#.##### #####...
#§≈≈.§≈# #.....#
#...#...
##≈.≈§≈# #.....#
#._.#... ##≈†§##
#.....# #...#.^.
##.##
####.####'''#...


You could see 2 orc wizards and an orc.

Vanquished Creatures
  A scorpion (D:4)
  A howler monkey (D:3)
  Crazy Yiuf (D:2)
  Jessica (D:3)
  Robin (D:2)
  2 gnolls (D:1)
  3 adders
  2 worms
  2 orcs
  3 ball pythons
  4 endoplasms
  4 giant cockroaches
  7 goblins
  12 hobgoblins
  4 jackals
  6 quokkas
  6 bats
  7 frilled lizards
  4 kobolds
  8 rats
79 creatures vanquished.

Notes
Turn   | Place    | Note
-------+----------+-------------------------------------------
     0 | D:1      | jagang the Human Monk began the quest for the Orb.
     0 | D:1      | Reached XP level 1. HP: 18/18 MP: 1/1
    10 | D:1      | Reached XP level 2. HP: 13/24 MP: 2/2
    27 | D:1      | Reached skill level 1 in Armour
   290 | D:1      | Reached XP level 3. HP: 29/29 MP: 3/3
   413 | D:1      | Found a faded altar of an unknown god.
   711 | D:1      | Reached XP level 4. HP: 35/35 MP: 4/4
   975 | D:2      | Noticed Robin
  1006 | D:2      | Killed Robin
  1301 | D:2      | Reached XP level 5. HP: 34/42 MP: 5/5
  1611 | D:2      | Found a runed translucent door.
  1612 | D:2      | Noticed Crazy Yiuf
  1813 | D:2      | Killed Crazy Yiuf
  2090 | D:3      | Found a blossoming altar of Fedhas.
  2192 | D:3      | Found a sacrificial altar of Ru.
  2273 | D:3      | Noticed Jessica
  2277 | D:3      | Killed Jessica
  2278 | D:3      | Reached XP level 6. HP: 44/48 MP: 6/6
  2403 | D:3      | Found a broken altar of Ashenzari.
  2574 | D:4      | Found a burning altar of Makhleb.
  2580 | D:4      | Found an ancient bone altar of Kikubaaqudgha.
  2613 | D:4      | Found a staircase to the Ecumenical Temple.
  2645 | D:4      | Killed from afar by an orc wizard

Illustrated notes

Levels and vault maps discovered:
D:1:      scummos_arrival_hexagon, layout_basic, basic_ecumenical_altar
D:2:      layout_basic, minmay_tromino_v7, uniq_robin, uniq_crazy_yiuf_cottage
D:3:      layout_rooms, nicolae_ru_awakened_eye, lemuel_crystal_altar,
          general_overflow_altar, uniq_jessica
D:4:      layout_gridville, elyvilon_altar_1, mainiacjoe_overflow_big_doors,
          minmay_temple_entry_fiery

Skill      XL: |  1  2  3  4  5  6 |
---------------+-------------------+-----
Armour         | 1 2 3 |  3.3
Long Blades    | 4 |  4.6
Fighting       | 4 |  4.6
Dodging        | |  3.0

Action                     |  1- 3 |  4- 6 || total
---------------------------+-------+-------++-------
  Melee: Falchion          |    60 |   166 ||   226
    Use: Scroll            |       |     5 ||     5
 Armour: Robe              |     7 |       ||     7
         Ring mail         |     2 |    67 ||    69
  Dodge: Dodged            |    57 |   105 ||   162
